 Dungeon Crawl Stone Soup version 0.26-a0-668-gd58323b (webtiles) character file.

Game seed: 454308560858014321

8022 Mopster the Cleaver (level 11, -2/103 (104) HPs)
             Began as a Minotaur Berserker on Oct 18, 2020.
             Was a High Priest of Trog.
             Killed from afar by a wretched star (22 damage)
             ... with a lance of force
             ... on level 1 of the Abyss.
             The game lasted 00:42:25 (8960 turns).

Mopster the Cleaver (Minotaur Berserker)            Turns: 8960, Time: 00:42:25

HP:   -2/103 (104)  AC: 14    Str: 22    XL:     11   Next: 4%
MP:   10/10         EV:  8    Int:  4    God:    Trog [*****.]
Gold: 679           SH:  0    Dex: 13    Spells: 10/10 levels left

rFire    . . .     SeeInvis +   N - +0 battleaxe (flame)
rCold    . . .     Faith    .   (shield currently unavailable)
rNeg     . . .     Spirit   .   p - +0 plate armour
rPois    +         Reflect  .   (helmet restricted)
rElec    .         Harm     .   h - scarf {+Inv}
rCorr    .         Rampage  +   (no gloves)
MR       .....                  x - -1 pair of boots of Going Fast {Rampage rPois Regen+ Stlth-}
Stlth    ..........             C - amulet of magic regeneration
HPRegen  0.67/turn              k - ring of see invisible
MPRegen  0.37/turn              c - ring of stealth

@: berserk cooldown, slowed, very slow
A: retaliatory headbutt, horns 2, [screaming 2]
a: Berserk, Trog's Hand, Brothers in Arms, Renounce Religion, Evoke Invisibility


You were on level 1 of the Abyss.
You worshipped Trog.
Trog was extremely pleased with you.
You visited 1 branch of the dungeon, and saw 10 of its levels.
You visited the Abyss 1 time.

You collected 679 gold pieces.

Inventory:

Hand Weapons
 N - a +0 battleaxe of flaming (weapon)
Armour
 h - a scarf of invisibility (worn)
 p - a +0 plate armour (worn)
 x - the -1 pair of boots of Going Fast (worn) {Rampage rPois Regen+ Stlth-}
   (You found it on level 7 of the Dungeon)

   It protects you from poison.
   It increases your rate of regeneration.
   It bestows one free step when moving towards enemies.
   It makes you less stealthy.
 B - the +0 pair of boots of Cynicism {Dex+3}
   (You found it on level 9 of the Dungeon)

   It affects your dexterity (+3).
Jewellery
 a - an uncursed ring of protection from cold
 c - a ring of stealth (right hand)
 k - a ring of see invisible (left hand)
 C - an amulet of magic regeneration (around neck)
 G - an uncursed ring of flight
Wands
 m - a wand of polymorph (12)
 t - a wand of iceblast (6)
 E - a wand of acid (10)
 F - a wand of flame (9)
Scrolls
 f - 4 scrolls of teleportation
 i - 7 scrolls of remove curse
 n - 2 scrolls of blinking
 q - a scroll of fear
 r - a scroll of enchant armour
 w - a scroll of magic mapping {unknown}
 y - a scroll of noise {unknown}
 z - a scroll of summoning {unknown}
 A - 3 scrolls of fog
 J - a scroll of holy word
 K - a scroll of identify
Potions
 b - 2 potions of invisibility {unknown}
 d - 2 potions of degeneration {unknown}
 e - 2 potions of heal wounds {unknown}
 g - 2 potions of lignification {unknown}
 j - 4 potions of stabbing {unknown}
 l - 4 potions of curing
 o - a potion of haste {unknown}
 u - a potion of resistance {unknown}
 v - a potion of might {unknown}
 D - 3 potions of magic {unknown}
 H - a potion of mutation {unknown}
 L - a potion of flight {unknown}


   Skills:
 * Level 12.2 Fighting
 + Level 13.5 Axes
 + Level 9.3 Armour
 + Level 3.3 Dodging


You had 10 spell levels left.
You didn't know any spells.
Your spell library was empty.

Dungeon Overview and Level Annotations

Branches:
Dungeon (10/15)            Temple (0/1) D:6
   Lair: D:8-11         Orc: D:9-12

Altars:
Ashenzari
Dithmenos
Elyvilon
Fedhas
Gozag
Kikubaaqudgha
Makhleb
Nemelex Xobeh
Okawaru
Qazlal
Ru
Trog
Vehumet
Wu Jian
Xom

Annotations:
D:10 Sonja


Innate Abilities, Weirdness & Mutations

You reflexively headbutt those who attack you in melee.
You have a pair of horns on your head.
[You sometimes yell uncontrollably at your foes.]


Message History

The wretched star is moderately damaged.
The wretched star glows turbulently.
The lance of force hits you!
You are knocked back by the lance of force.
You slam into the rock wall!
You slash the wretched star! You burn the wretched star.
You headbutt the wretched star, but do no damage.
The wretched star is heavily damaged.
The wretched star glows turbulently.
The lance of force hits you!!
You are knocked back by the lance of force.
You slam into the rock wall!
* * * LOW HITPOINT WARNING * * *
Unknown command.
As you read the scroll of fear, it crumbles to dust.
You assume a fearsome visage.
The large abomination is unaffected.
The wretched star is unaffected.
The wretched star glows turbulently.
The lance of force hits you!!
You die...

## .### ..
###. ####.#
#... #@.#
##.## ##*#
##...###.X#
##.....#...#
#......X...#
.#.....##.##
# ..x##....
## ## ####.#
. . # #.


You could see a wretched star and a large abomination.

Vanquished Creatures
  A two-headed ogre (D:9)
  A fire crab (shapeshifter) (D:8)
  2 large abominations (Abyss:1)
  The ghost of mallonox the Carver, a novice PaBe of Trog (D:7)
  A deep elf mage (D:10)
  Joseph (D:8)
  A vampire (D:10)
  A basilisk (D:8)
  Edmund (D:4)
  A black bear (D:7)
  2 ice beasts
  6 orc warriors
  5 ogres
  2 phantoms
  A necrophage (D:5)
  3 centaurs
  5 bullfrogs
  3 scorpions
  A killer bee (D:8)
  A howler monkey (D:6)
  A crimson imp (D:3)
  A quasit (D:6)
  5 starcursed masses (Abyss:1)
  2 bullfrog zombies (D:8)
  4 hounds
  2 centaur skeletons
  6 orc priests
  3 bullfrog skeletons
  A jelly (D:9)
  7 orc wizards
  Crazy Yiuf (D:2)
  Natasha (D:2)
  2 iguanas (D:7)
  9 worker ants
  2 killer bee zombies
  A howler monkey zombie (D:6)
  Robin (D:2)
  A gnoll (D:1)
  18 adders
  2 shadow imps (D:7)
  4 white imps
  3 oozes
  An adder zombie (D:8)
  An adder skeleton (D:8)
  4 worms
  A dart slug (D:3)
  5 leopard geckos
  24 orcs
  5 giant cockroaches
  10 goblins (D:2)
  5 hobgoblins
  7 jackals
  5 kobolds
  9 quokkas
  8 ball pythons
  5 bats
  3 frilled lizards
  3 rats
213 creatures vanquished.

Notes
Turn   | Place    | Note
-------+----------+-------------------------------------------
     0 | D:1      | Mopster the Minotaur Berserker began the quest for the Orb.
     0 | D:1      | Reached XP level 1. HP: 19/19 MP: 0/0
   170 | D:1      | Reached XP level 2. HP: 27/27 MP: 1/1
   188 | D:1      | Reached skill level 4 in Axes
   726 | D:2      | Reached XP level 3. HP: 33/33 MP: 2/2
   783 | D:2      | Found a shadowy altar of Dithmenos.
   995 | D:2      | Reached ** piety under Trog
   998 | D:2      | Noticed Robin
  1006 | D:2      | Killed Robin
  1014 | D:2      | Reached XP level 4. HP: 41/41 MP: 3/3
  1072 | D:2      | Found a runed translucent door.
  1073 | D:2      | Noticed Crazy Yiuf
  1215 | D:2      | Killed Crazy Yiuf
  1385 | D:2      | Reached skill level 5 in Axes
  1509 | D:2      | Reached XP level 5. HP: 45/47 MP: 4/4
  1670 | D:2      | Noticed Natasha
  1676 | D:2      | Killed Natasha
  1676 | D:2      | Reached skill level 5 in Fighting
  1855 | D:2      | Reached *** piety under Trog
  2314 | D:3      | Reached XP level 6. HP: 56/56 MP: 5/5
  2364 | D:3      | Found a burning altar of Makhleb.
  2365 | D:3      | Found a radiant altar of Vehumet.
  2423 | D:3      | Found a white marble altar of Elyvilon.
  2699 | D:4      | Reached skill level 6 in Axes
  3076 | D:4      | Noticed Edmund
  3085 | D:4      | Killed Edmund
  3085 | D:4      | Reached skill level 5 in Armour
  3085 | D:4      | Reached XP level 7. HP: 51/63 MP: 6/6
  3317 | D:4      | Found a shimmering altar of Xom.
  3387 | D:4      | Reached skill level 7 in Axes
  3989 | D:5      | Entered Level 5 of the Dungeon
  4641 | D:5      | Found a bloodstained altar of Trog.
  4646 | D:5      | Reached XP level 8. HP: 70/72 MP: 7/7
  4663 | D:5      | Found an iron altar of Okawaru.
  4766 | D:5      | Found an ancient bone altar of Kikubaaqudgha.
  5024 | D:6      | Reached skill level 8 in Axes
  5054 | D:6      | Found a staircase to the Ecumenical Temple.
  5090 | D:6      | Reached **** piety under Trog
  5636 | D:7      | Reached skill level 9 in Axes
  5648 | D:7      | Got a pair of dazzling boots
  5653 | D:7      | Identified the cursed -1 pair of boots of Going Fast
                  | {Rampage rPois Regen+ Stlth-} (You found it on level 7 of
                  | the Dungeon)
  5781 | D:7      | Found a runed translucent door.
  5782 | D:7      | Noticed mallonox's ghost (novice PaBe)
  5794 | D:7      | Killed mallonox's ghost
  5794 | D:7      | Reached skill level 10 in Axes
  5794 | D:7      | Reached XP level 9. HP: 81/81 MP: 8/8
  5909 | D:7      | Found a sparkling altar of Nemelex Xobeh.
  6171 | D:8      | Found an ornate altar of the Wu Jian Council.
  6233 | D:8      | Found a stormy altar of Qazlal.
  6263 | D:8      | Noticed Joseph
  6282 | D:8      | Killed Joseph
  6282 | D:8      | Reached skill level 11 in Axes
  6567 | D:8      | Found a transporter.
  6570 | D:8      | Found a broken altar of Ashenzari.
  6571 | D:8      | Found a transporter.
  6572 | D:8      | Found a sacrificial altar of Ru.
  6579 | D:8      | Noticed a meliai
  6579 | D:8      | a raiju changed into a meliai
  6588 | D:8      | a meliai changed into a shapeshifter
  6594 | D:8      | Reached skill level 10 in Fighting
  6791 | D:8      | Reached ***** piety under Trog
  6943 | D:8      | Found an opulent altar of Gozag.
  7154 | D:8      | Noticed a fire crab
  7189 | D:8      | Reached skill level 12 in Axes
  7189 | D:8      | Reached XP level 10. HP: 92/92 MP: 9/9
  7197 | D:8      | Killed a fire crab
  7594 | D:9      | Got a pair of translucent boots
  7605 | D:9      | Identified the +0 pair of boots of Cynicism {Dex+3} (You
                  | found it on level 9 of the Dungeon)
  8212 | D:9      | Noticed a two-headed ogre
  8218 | D:9      | Killed a two-headed ogre
  8512 | D:10     | Entered Level 10 of the Dungeon
  8512 | D:10     | Noticed a deep elf mage
  8518 | D:10     | Killed a deep elf mage
  8518 | D:10     | Reached skill level 13 in Axes
  8614 | D:10     | Received a gift from Trog
  8633 | D:10     | Found a blossoming altar of Fedhas.
  8715 | D:10     | Noticed Sonja
  8724 | D:10     | Cast into level 1 of the Abyss (Sonja)
  8811 | Abyss:1  | Noticed a large abomination
  8821 | Abyss:1  | Killed a large abomination
  8845 | Abyss:1  | Noticed a large abomination
  8857 | Abyss:1  | Killed a large abomination
  8857 | Abyss:1  | Reached XP level 11. HP: 102/103 MP: 10/10
  8934 | Abyss:1  | Noticed a starcursed mass
  8945 | Abyss:1  | Noticed a wretched star
  8947 | Abyss:1  | Killed a starcursed mass
  8960 | Abyss:1  | Killed from afar by a wretched star

Illustrated notes

Levels and vault maps discovered:
D:1:      kennysheep_arrival_seaside, layout_basic
D:2:      layout_loops_cross, nicolae_dithmenos_through_a_glass_darkly,
          minmay_snake_closets, uniq_robin, uniq_natasha,
          uniq_crazy_yiuf_cottage
D:3:      layout_rooms, grunt_temple_overflow_lords_of_destruction,
          elyvilon_altar_5, minmay_vboxes
D:4:      layout_layer_cave, kennysheep_little_box, uniq_edmund
D:5:      layout_loops_ring, grunt_temple_overflow_bloody_war,
          lemuel_round_altar
D:6:      layout_gridville, minmay_temple_entry_wispy,
          hangedman_abyss_or_decor_passed
D:7:      layout_cave_pools, ebering_ghost_reflecting_pool,
          david_defended_altar_elf
D:8:      layout_loops_corners, nicolae_overflow_hidden_temple,
          nicolae_gozag_cash_rules_everything_around_me,
          overflow_temple_1_default, gammafunk_temple_overflow_arena,
          st_stairs_11, grunt_qazlal_sundering, uniq_joseph
D:9:      layout_long_grid
D:10:     layout_irregular_city, erik_lair_island, minmay_shop_mayhem,
          fedhas_altar_1, uniq_snorg, uniq_sonja
Abyss:1:  base:
D:8

Skill      XL: |  1  2  3  4  5  6  7  8  9 10 |
---------------+-------------------------------+-----
Fighting       | 4 5 6 7 8 10 12 | 12.2
Axes           | 4 5 6 7 10 12 13 | 13.5
Armour         | 3 4 5 7 8 9 |  9.3
Dodging        | 3 |  3.3

Action                   |  1- 3 |  4- 6 |  7- 9 | 10-12 || total
-------------------------+-------+-------+-------+-------++-------
Melee: Hand axe          |    53 |   105 |       |       ||   158
       Headbutt          |    10 |    28 |    49 |    28 ||   115
       Battleaxe         |       |    11 |   241 |    93 ||   345
Invok: Berserk           |     1 |     4 |     8 |     5 ||    18
       Trog's Hand       |       |       |     1 |       ||     1
  Use: Scroll            |       |     4 |     5 |     3 ||    12
 Stab: Sleeping          |     1 |       |       |       ||     1
Armor: Scale mail        |    18 |    20 |       |       ||    38
       Plate armour      |       |    33 |   194 |    42 ||   269
Dodge: Dodged            |    26 |    67 |    86 |    23 ||   202

Table legend: (Time is in decaauts)
 A = Elapsed time spent in this place.
 B = Non-inter-level travel time spent in this place.
 C = Inter-level travel time spent in this place.
 D = Time resting spent in this place.
 E = Time spent auto-exploring this place.
 F = Levels seen in this place.
 G = Mean time per level.
                   A        B        C        D        E       F      G
               +--------+--------+--------+--------+--------+-----+--------+
         Total |   9194 |   8199 |    995 |    683 |   6002 |  11 |  835.8 |
       Dungeon |   8939 |   7944 |    995 |    650 |   5880 |  10 |  893.9 |
         Abyss |    254 |    254 |      0 |     32 |    122 |   1 |  254.0 |
               +--------+--------+--------+--------+--------+-----+--------+

Top non-repeatable levels by time:
     D:2: 1469 daAuts
     D:4: 1366 daAuts
     D:9: 1250 daAuts
     D:8: 1145 daAuts
     D:5: 934 daAuts
     D:1: 716 daAuts
     D:6: 671 daAuts
     D:7: 634 daAuts
     D:3: 517 daAuts
 Abyss:1: 254 daAuts
    D:10: 234 daAuts
